 Dungeon Crawl Stone Soup version 0.21-a0-94-gdd6ab6a (webtiles) character file.

992 4thArraOfDagon the Grappler (level 7, -7/72 HPs)
             Began as a Troll Wanderer on July 3, 2017.
             Was an Initiate of Ru.
             Killed by divine providence
             ... invoked by an orc priest
              (11 damage)
             ... on level 8 of the Dungeon.
             The game lasted 00:09:53 (1324 turns).

4thArraOfDagon the Grappler (Troll Wanderer)        Turns: 1324, Time: 00:09:54

Health: -7/72      AC:  8    Str: 25    XL:     7   Next: 98%
Magic:  6/6        EV: 17    Int: 10    God:    Ru [......]
Gold:   156        SH:  0    Dex: 10    Spells: 6/6 levels left

rFire    + + .     SeeInvis .     - Unarmed
rCold    + + .     Gourm    +   (shield currently unavailable)
rNeg     + + +     Faith    .   (armour currently unavailable)
rPois    ∞         Spirit   .   (helmet currently unavailable)
rElec    +         Reflect  .   (cloak currently unavailable)
rCorr    +         Harm     .   (gloves unavailable)
MR       .....                  (boots unavailable)
Stlth    +.........             (amulet currently unavailable)
HPRegen  0.62/turn              (ring currently unavailable)
MPRegen  0.10/turn              (ring currently unavailable)

@: mighty, wisp-form (expiring), flying, quick
A: unfitting armour, fast metabolism 3, gourmand, regeneration 1
a: Sacrifice Artifice, Sacrifice Resistance, Sacrifice Durability, Reject
Sacrifices, Renounce Religion


You were on level 8 of the Dungeon.
You worshipped Ru.
Ru was noncommittal.
You were full.
You were an insubstantial wisp.
You visited 2 branches of the dungeon, and saw 9 of its levels.

You collected 156 gold pieces.

Inventory:

Hand Weapons
 a - a +2 falchion
 c - a +0 hand crossbow
 n - a cursed +0 giant spiked club (melded)
Missiles
 d - 44 bolts
Armour
 e - a +0 robe
 j - the +1 robe "Cuucaoxuho" (melded) {rC+}
   (You found it on level 4 of the Dungeon)

   It protects you from cold.
Jewellery
 g - an amulet of the gourmand (melded)
Wands
 l - a wand of polymorph (9/24)
Potions
 b - 2 potions of might
Comestibles
 f - 8 bread rations
 h - a meat ration
 i - 2 royal jellies


   Skills:
 - Level 5.4 Fighting
 - Level 1.0 Long Blades
 - Level 1.0 Crossbows
 - Level 1.7 Throwing
 * Level 8.7 Unarmed Combat


You had 6 spell levels left.
You didn't know any spells.

Dungeon Overview and Level Annotations

Branches:
Dungeon (8/15)             Temple (1/1) D:4
   Lair: D:8-11

Altars:
Ashenzari
Dithmenos
Elyvilon
Gozag
Hepliaklqana
Kikubaaqudgha
Nemelex Xobeh
Okawaru
Ru
Zin
The Shining One

Shops:
D:8 *%

Annotations:
D:7 Dowan, Duvessa


Innate Abilities, Weirdness & Mutations

You are too large for most types of armour.
((You have claws for hands.))
Your metabolism is lightning-fast.
You like to eat raw meat.
Your natural rate of healing is unusually fast.
((You are covered in fur. (AC +1)))
((You have very tough skin. (AC +2)))


Message History

You kill the scorpion!
The centaur shoots an arrow.
The arrow hits you!
* * * LOW HITPOINT WARNING * * *
Your transformation is almost over.
The centaur misses you.
Unknown command.
You hit the centaur!
The centaur is heavily wounded.
The centaur misses you.
You hit the centaur!
You kill the centaur!
You hit the jelly!
Your misty tendrils burn!
* * * LOW HITPOINT WARNING * * *
The jelly is almost dead.
Unknown command.
You touch the jelly.
You kill the jelly!
The orc priest calls down the wrath of Beogh upon you.
Beogh smites you!
You die...

### ###
########.### #(#
...........# #v#
########.#.#####)#
##....zJlc....##o#
##.###.#.#..#c##l#
c..# #.#.#..#s##.#
##..##.#.#..#.##z#
##..##.#.#..#.##.##
##................#
##..##.#.##...##.##


You could see an iguana, a wight and an orc priest.

Vanquished Creatures
  Prince Ribbit (D:6)
  A fire bat (D:7)
  A phantom (D:6)
  2 ogres (D:4)
  2 centaurs
  A scorpion (D:8)
  2 hounds
  A jelly (D:8)
  A centaur skeleton (D:4)
  An iguana (D:5)
  2 worker ants
  2 gnolls (D:4)
  A worm (D:4)
  2 leopard geckos (D:5)
  2 orcs
  A quokka (D:4)
  A frilled lizard (D:4)
  2 rats
26 creatures vanquished.

Notes
Turn   | Place    | Note
-------+----------+-------------------------------------------
     0 | D:1      | 4thArraOfDagon the Troll Wanderer began the quest for the Orb.
     0 | D:1      | 4thArraOfDagon set off with: a +2 falchion, a potion of lignification, a +0 hand crossbow, 26 bolts, a +0 robe, 2 bread rations
     0 | D:1      | Reached XP level 1. HP: 26/26 MP: 0/0
    97 | D:2      | Found a sacrificial altar of Ru.
   111 | D:2      | Became a worshipper of Ru the Awakened
   243 | D:4      | Reached skill level 5 in Fighting
   243 | D:4      | Reached skill level 1 in Unarmed Combat
   247 | D:4      | Got a silken robe
   258 | D:4      | Identified the +1 robe "Cuucaoxuho" {rC+} (You found it on level 4 of the Dungeon)
   276 | D:4      | Noticed a scorpion
   350 | D:4      | Reached XP level 2. HP: 32/35 MP: 1/1
   389 | D:4      | Reached skill level 2 in Unarmed Combat
   389 | D:4      | Reached XP level 3. HP: 42/42 MP: 2/2
   426 | D:4      | Found a staircase to the Ecumenical Temple.
   494 | Temple   | Entered the Ecumenical Temple
   530 | D:4      | Noticed an ogre
   538 | D:4      | Killed an ogre
   538 | D:4      | Reached skill level 3 in Unarmed Combat
   538 | D:4      | Reached XP level 4. HP: 50/50 MP: 3/3
   574 | D:5      | Entered Level 5 of the Dungeon
   576 | D:5      | Found a shadowy altar of Dithmenos.
   646 | D:4      | Noticed an ogre
   649 | D:4      | Reached skill level 4 in Unarmed Combat
   649 | D:4      | Reached XP level 5. HP: 50/57 MP: 4/4
   655 | D:4      | Killed an ogre
   725 | D:5      | Reached skill level 5 in Unarmed Combat
   738 | D:5      | Reached XP level 6. HP: 66/66 MP: 5/5
   850 | D:6      | Noticed Prince Ribbit
   875 | D:6      | Killed Prince Ribbit
   875 | D:6      | Reached skill level 6 in Unarmed Combat
   954 | D:6      | Reached skill level 7 in Unarmed Combat
   954 | D:6      | Reached XP level 7. HP: 35/72 MP: 6/6
   989 | D:6      | HP: 3/72 [worker ant (6)]
  1128 | D:7      | Noticed Duvessa
  1174 | D:7      | Noticed a fire bat
  1174 | D:7      | a centaur changed into a fire bat
  1214 | D:7      | Killed a fire bat
  1214 | D:7      | Reached skill level 8 in Unarmed Combat
  1221 | D:7      | Noticed Dowan
  1237 | D:8      | Found Nafeid's General Store.
  1237 | D:8      | Noticed a yak
  1237 | D:8      | Noticed a yak
  1247 | D:8      | Noticed a yak
  1252 | D:8      | Found Xitteloug's Food Shop.
  1262 | D:8      | Found an iron altar of Okawaru.
  1319 | D:8      | HP: 3/72 [centaur/arrow (7)]
  1324 | D:8      | Killed from afar by an orc priest

Vault maps used:
D:1:      lightli_arrival_farm
D:2:      lemuel_doored_altar, uniq_jessica
D:3:      grunt_temple_overflow_forces_of_nature, lemuel_crystal_altar,
          minmay_tree_intersection, uniq_natasha
D:4:      kennysheep_mini_moat, minmay_temple_entry_statues, first_bread
D:5:      cheibrodos_iron_armory, minmay_gold_behind_fungi,
          nicolae_dithmenos_shadow_blocks
D:6:      kennysheep_mini, serial_shops, shop, uniq_prince_ribbit1
D:7:      yredelemnul_altar_generic, uniq_duvessa, uniq_pikel
D:8:      grunt_temple_overflow_lords_of_destruction,
          nicolae_overflow_hidden_temple, okawaru_trees_2, serial_shops,
          nicolae_shop_temple_entry_statues_fountains,
          nicolae_shop_overgrown_old_shop, nicolae_shop_behind_doors, shop,
          nicolae_shop_trees
Temple:   jpeg_temple_island

Skill      XL: |  1  2  3  4  5  6  7 |
---------------+----------------------+-----
Fighting       | 5 |  5.4
Unarmed Combat | 1 2 3 4 5 7 8 |  8.7
Long Blades    | |  1.0
Crossbows      | |  1.0
Throwing       | |  1.7

Action                   |  1- 3 |  4- 6 |  7- 9 || total
-------------------------+-------+-------+-------++-------
Melee: Unarmed           |    30 |    57 |    13 ||   100
       Giant spiked club |       |       |    38 ||    38
Evoke: Wand              |     4 |     1 |    10 ||    15
  Use: Scroll            |     2 |     1 |     1 ||     4
       Potion            |       |       |     5 ||     5
  Eat: Chunk             |     6 |     8 |       ||    14
Armor: Robe              |     8 |     6 |    14 ||    28
       Skin              |     5 |     2 |    51 ||    58
Dodge: Dodged            |    22 |    14 |    31 ||    67
